 Dungeon Crawl Stone Soup version 0.30-a0-1074-g5db6f66fbb (webtiles) character file.

Game seed: 81535906779617724

95 Ic0nGaming the Poker (level 4, 0/28 HPs)
             Began as a Kobold Fighter on Apr 14, 2023.
             Slain by Terence
             ... wielding a +0 falchion
              (3 damage)
             ... on level 3 of the Dungeon.
             The game lasted 00:03:53 (2170 turns).

Ic0nGaming the Poker (Kobold Fighter)               Turns: 2170, Time: 00:03:54

Health: 0/28       AC:  3    Str: 13    XL:     4   Next: 97%
Magic:  4/4        EV: 12    Int:  9    God:
Gold:   211        SH:  5    Dex: 19    Spells: 3/3 levels left

rFire   . . .      SeeInvis .    (weapon restricted)
rCold   . . .      Faith    .    c - +0 buckler
rNeg    . . .      Spirit   .    m - +0 leather armour "Ziliuwae" {Rampage Regen+ Dex+3}
rPois   .          Reflect  .    (no helmet)
rElec   .          Rampage  +    (no cloak)
rCorr   .                        (no gloves)
Will    .....                    (no boots)
Stlth   ++                       l - amulet of the acrobat
HPRegen 1.04/turn                (no ring)
MPRegen 0.09/turn                (no ring)

@: no status effects
A: small, no large weapons, nightstalker 3
a: no special abilities


You were on level 3 of the Dungeon.
You visited 1 branch of the dungeon, and saw 3 of its levels.

You collected 211 gold pieces.

Inventory:

Hand Weapons
 b - a +0 trident
Armour
 c - a +0 buckler (worn)
 m - the +0 leather armour "Ziliuwae" (worn) {Rampage Regen+ Dex+3}
   (You found it on level 2 of the Dungeon)

   Dex:       It affects your dexterity (+3).
   Regen:     It increases your rate of health regeneration.
   Rampage:   It bestows one free step when moving towards enemies.
Jewellery
 l - an amulet of the acrobat (around neck)
Scrolls
 d - a scroll of identify
 e - a scroll of poison
 n - a scroll of butterflies {unknown}
Potions
 a - a potion of mutation {unknown}
 f - 2 potions of flight {unknown}
 g - a potion of brilliance {unknown}
 h - 2 potions of curing {unknown}
 i - 3 potions of attraction
 j - a potion of degeneration {unknown}
 k - a potion of magic {unknown}


   Skills:
 - Level 3.2 Fighting
 + Level 3.9 Polearms
 - Level 2.4 Armour
 - Level 2.4 Shields


You had 3 spell levels left.
You didn't know any spells.
Your spell library contained the following spells:

 Spells                   Type           Power      Damage    Failure   Level
 Apportation              Tloc           0%         N/A       61%         1
 Necrotise                Necr           0%         1d4       61%         1
 Summon Small Mammal      Summ           0%         N/A       61%         1
 Anguish                  Hex/Necr       0%         N/A       100%        4
 Cause Fear               Hex            0%         N/A       100%        4
 Enfeeble                 Hex            0%         N/A       100%        7


Dungeon Overview and Level Annotations

Branches:
Dungeon (3/15)

Altars:
Wu Jian
Xom
The Shining One

Annotations:
D:3 Jessica, Terence


Innate Abilities, Weirdness & Mutations

You are small and have problems with some larger weapons.
You are completely attuned to the shadows.


Message History

Terence closely misses you.
You hit Terence but do no damage. Terence hits you with a +0 falchion!
You block the hobgoblin's attack.
Jessica the Apprentice Sorceress comes into view.
She is wielding a +0 club.
The hobgoblin hits you.
You hit Terence but do no damage. The hobgoblin closely misses you.
Terence hits you with a +0 falchion. The hobgoblin barely misses you.
You closely miss Terence. You block Terence's attack.
The hobgoblin closely misses you. The hobgoblin misses you.
The hobgoblin hits you. The hobgoblin barely misses you. Jessica misses you.
Terence completely misses you.
You barely miss Jessica. Terence hits you with a +0 falchion.
Jessica hits you with a +0 club. The hobgoblin barely misses you.
The hobgoblin hits you.
* * * LOW HITPOINT WARNING * * *
You are too injured to fight recklessly!
You are too injured to fight recklessly!
You are too injured to fight recklessly!
You are too injured to fight recklessly!
You are too injured to fight recklessly!
You are too injured to fight recklessly!
You are too injured to fight recklessly!
You closely miss Jessica. Jessica barely misses you.
The hobgoblin barely misses you. You block Terence's attack.
You block the hobgoblin's attack.
You completely miss Jessica.
A giant cockroach comes into view.
Jessica hits you with a +0 club.
* * * LOW HITPOINT WARNING * * *
You block Terence's attack. The hobgoblin hits you.
* * * LOW HITPOINT WARNING * * *
The hobgoblin closely misses you.
You hit Jessica.
Jessica is moderately wounded.
A giant cockroach comes into view.
Jessica points at you and mumbles some strange words.
Pain shoots through your body!
* * * LOW HITPOINT WARNING * * *
Terence hits you with a +0 falchion.
You die...

.##..#.#.##.....#.#
.[..........#....<.
...#.....###......#
................#.##.
......#..#.....##....
......##.#.###....._.
...........####......
......#######....g_..
......#######.##@@...
.......).......@g.._B
...............#.B...
##.....#..####.....).
#.(...#...### ......
####..###.....
..............
#####.....#.## #
##.8....#


You could see Terence, Jessica, 2 giant cockroaches and 2 hobgoblins.

Vanquished Creatures
  An orc wizard (D:2)
  An adder (D:2)
  A worm (D:2)
  A dart slug (D:1)
  2 orcs (D:2)
  6 ball pythons
  4 endoplasms (D:1)
  5 giant cockroaches
  5 goblins
  3 hobgoblins
  3 jackals
  8 kobolds
  2 quokkas (D:1)
  2 bats
  4 frilled lizards
  A rat (D:2)
49 creatures vanquished.

Notes
Turn   | Place    | Note
-------+----------+-------------------------------------------
     0 | D:1      | Ic0nGaming the Kobold Fighter began the quest for the Orb.
     0 | D:1      | Reached XP level 1. HP: 14/14 MP: 1/1
   154 | D:1      | Reached XP level 2. HP: 16/19 MP: 2/2
   425 | D:1      | Reached XP level 3. HP: 23/23 MP: 3/3
   529 | D:1      | Found a faded altar of an unknown god.
  1183 | D:2      | Reached XP level 4. HP: 27/28 MP: 4/4
  1615 | D:2      | Identified the +0 leather armour "Ziliuwae" {Rampage Regen+
                  | Dex+3}
  2009 | D:3      | HP: 1/28 [orc/+2 whip of electrocution (12)]
  2138 | D:3      | Identified the +3 spear "Waal" {freeze, rPois rC+ Stlth-}
  2159 | D:3      | Found an ornate altar of the Wu Jian Council.
  2159 | D:3      | Noticed Terence
  2160 | D:3      | Found a glowing golden altar of the Shining One.
  2160 | D:3      | Found a shimmering altar of Xom.
  2164 | D:3      | Noticed Jessica
  2170 | D:3      | Slain by Terence

Illustrated notes

Levels and vault maps discovered:
D:1:      minmay_arrival_jagged, layout_loops_cross,
          ebering_ecumenical_altar_box
D:2:      layout_basic, minmay_tree_intersection, fountainhead, hex_medium,
          kennysheep_path_1
D:3:      layout_rooms, nicolae_overflow_ecumenical_swirl,
          grunt_temple_overflow_open, uniq_terence, uniq_crazy_yiuf_cottage,
          uniq_jessica

Skill      XL: |  1  2  3 |
---------------+----------+-----
Polearms       | 2 3 |  3.9
Fighting       | |  3.2
Armour         | |  2.4
Shields        | |  2.4

Action                     |  1- 3 |  4- 6 || total
---------------------------+-------+-------++-------
  Melee: Spear             |   118 |    45 ||   163
         Unarmed           |       |    63 ||    63
    Use: Scroll            |     4 |       ||     4
         Potion            |       |     1 ||     1
   Stab: Sleeping          |     4 |     2 ||     6
 Armour: Scale mail        |    29 |    10 ||    39
         Leather armour    |       |    15 ||    15
  Dodge: Dodged            |    32 |    63 ||    95
  Block: Buckler           |    21 |    25 ||    46

Table legend: (Time is in decaauts)
 A = Elapsed time spent in this place.
 B = Non-inter-level travel time spent in this place.
 C = Inter-level travel time spent in this place.
 D = Time resting spent in this place.
 E = Time spent auto-exploring this place.
 F = Levels seen in this place.
 G = Mean time per level.
                   A        B        C        D        E       F      G
               +--------+--------+--------+--------+--------+-----+--------+
         Total |   2181 |   2126 |     55 |     36 |   1585 |   3 |  727.0 |
       Dungeon |   2181 |   2126 |     55 |     36 |   1585 |   3 |  727.0 |
               +--------+--------+--------+--------+--------+-----+--------+

Top non-repeatable levels by time:
     D:2: 1117 daAuts
     D:1: 853 daAuts
     D:3: 211 daAuts
